 Dungeon Crawl Stone Soup version 0.24-a0-528-g98e85ec62a (webtiles) character file.

Game seed: 8084219946135783275

96 Execuda the Chopper (level 4, 0/41 HPs)
             Began as a Minotaur Chaos Knight on Aug 5, 2019.
             Slain by Grinder (6 damage)
             ... on level 3 of the Dungeon.
             The game lasted 00:01:25 (1559 turns).

Execuda the Chopper (Minotaur Chaos Knight)         Turns: 1559, Time: 00:01:25

Health: 0/41       AC:  5    Str: 14 (17) XL:     4   Next: 41%
Magic:  3/3        EV: 11    Int:  8 (9)  God:
Gold:   84         SH:  0    Dex:  7 (10) Spells: 3/3 levels left

rFire    . . .     SeeInvis .   a - +0 hand axe (chaos)
rCold    . . .     Gourm    .   (no shield)
rNeg     . . .     Faith    .   b - +2 leather armour
rPois    .         Spirit   .   (helmet restricted)
rElec    .         Reflect  .   (no cloak)
rCorr    .         Harm     .   (no gloves)
MR       .....                  (no boots)
Stlth    +.........             i - amulet of the acrobat
HPRegen  0.13/turn              (no ring)
MPRegen  0.08/turn              (no ring)

@: no status effects
A: retaliatory headbutt, horns 2
a: no special abilities


You were on level 3 of the Dungeon.
You were not hungry.

You visited 1 branch of the dungeon, and saw 3 of its levels.

You collected 84 gold pieces.

Inventory:

Hand Weapons
 a - a +0 hand axe of chaos (weapon)
Armour
 b - a +2 leather armour (worn)
Jewellery
 i - an amulet of the acrobat (around neck)
Wands
 j - a wand of clouds (2)
Scrolls
 f - a scroll of immolation {unknown}
 g - 2 scrolls of teleportation {unknown}
 k - a scroll of enchant armour {unknown}
 l - a scroll of identify {unknown}
 m - a scroll of magic mapping {unknown}
Potions
 e - a potion of degeneration
 h - 2 potions of curing
Comestibles
 c - 6 rations
 d - a chunk of flesh


   Skills:
 + Level 4.6 Fighting
 * Level 5.6 Axes
 - Level 2.4 Armour
 - Level 1.1 Dodging


You had 3 spell levels left.
You didn't know any spells.
Your spell library was empty.

Dungeon Overview and Level Annotations

Branches:
Dungeon (3/15)

Altars:
Xom

Annotations:
D:3 Grinder


Innate Abilities, Weirdness & Mutations

You reflexively headbutt those who attack you in melee.
You have a pair of horns on your head.


Message History

You shrug off the repeated paralysis!
Evoke which item? (* to show all) (? for menu, Esc to quit)
Aiming: Cloud Cone
Press: ? - help, Dir - move target cursor, f/p - Grinder
Aim: Grinder (fast)
You create a blast of poison gas!
Grinder hits you.
You writhe in agony.
Unknown command.
You hit Grinder.
Grinder is lightly wounded.
Grinder closely misses you.
You closely miss Grinder.
Grinder is lightly wounded.
Grinder hits you.
You writhe in agony.
* * * LOW HITPOINT WARNING * * *
Grinder says, "At least Makhleb appreciates what I'm doing."
Grinder hits you.
* * * LOW HITPOINT WARNING * * *
You writhe in agony.
You die...
Xom chortles!

#.. .........
...###.#......# #.#..
.......#
..###.§.##.#.....#####
...........##§§§.§§...
##........###§§.§§§...
#.........†§○§.§§§...
#......?.###§.§§§§...
########## #.@5§§....
#......... #.........
##########


You could see Grinder.

Vanquished Creatures
  An iguana (D:2)
  Natasha (D:3)
  An adder (D:2)
  A worm (D:2)
  2 leopard geckos (D:2)
  3 giant cockroaches
  4 goblins
  5 hobgoblins
  A quokka (D:2)
  A ball python (D:2)
  2 bats
  3 frilled lizards
  5 kobolds
  5 rats
35 creatures vanquished.

Notes
Turn   | Place    | Note
-------+----------+-------------------------------------------
     0 | D:1      | Execuda the Minotaur Chaos Knight began the quest for the
                  | Orb.
     0 | D:1      | Reached XP level 1. HP: 19/19 MP: 0/0
     0 | D:1      | Fell from the grace of Xom
   179 | D:1      | Reached skill level 4 in Axes
   215 | D:1      | Reached XP level 2. HP: 26/27 MP: 1/1
   420 | D:1      | XOM: god gift: wand of clouds (5)
   480 | D:1      | Found a hide-covered altar of Uskayaw.
   484 | D:1      | Found a shimmering altar of Xom.
   484 | D:1      | Found a shimmering altar of Xom.
   488 | D:1      | Found a shimmering altar of Xom.
   488 | D:1      | Found a burning altar of Makhleb.
   488 | D:1      | Found a stormy altar of Qazlal.
   859 | D:2      | Reached skill level 5 in Axes
   859 | D:2      | Reached XP level 3. HP: 34/34 MP: 2/2
  1113 | D:2      | Reached XP level 4. HP: 39/41 MP: 3/3
  1324 | D:2      | XOM: torment (22/41 hp)
  1528 | D:3      | Noticed Natasha
  1529 | D:3      | Noticed Grinder
  1549 | D:3      | Killed Natasha
  1552 | D:3      | Paralysed by Grinder for 4 turns
  1559 | D:3      | Slain by Grinder

Levels and vault maps discovered:
D:1:      eino_arrival_druids_welcome, layout_basic, doesnt_xom_only_xom
D:2:      layout_loops_ring
D:3:      layout_rooms, overflow_temple_1_default, glass_columns_a,
          minmay_fractal_squares_5, uniq_grinder, uniq_natasha

Skill      XL: |  1  2 |
---------------+-------+-----
Axes           | 4 5 |  5.6
Fighting       | 4 |  4.6
Armour         | |  2.4
Dodging        | |  1.1

Action                   |  1- 3 |  4- 6 || total
-------------------------+-------+-------++-------
Melee: Hand axe          |    49 |    23 ||    72
       Headbutt          |     9 |       ||     9
Invok: Renounce Religion |     1 |       ||     1
Evoke: Wand              |       |     3 ||     3
  Use: Potion            |       |     2 ||     2
  Eat: Chunk             |     1 |     1 ||     2
Armor: Leather armour    |    16 |     4 ||    20
Dodge: Dodged            |    32 |    12 ||    44

Table legend:
 A = Non-vault XP
 B = Vault XP
 C = Vault XP percentage of total XP
 D = Non-vault monster count
 E = Vault monster count
 F = Vault count percentage of total count
                 A         B        C        D         E       F
            +---------+---------+-------+---------+---------+-------
      Total |     106 |      32 |  23.2 |      34 |       1 |   2.9
            +---------+---------+-------+---------+---------+-------
        D:1 |      18 |       0 |   0.0 |      12 |       0 |   0.0
        D:2 |      86 |       0 |   0.0 |      21 |       0 |   0.0
        D:3 |       2 |      32 |  94.1 |       1 |       1 |  50.0
            +---------+---------+-------+---------+---------+-------
